 Dungeon Crawl Stone Soup version 0.20.1-1-g8b1a95d (webtiles) character file.

110 dohliylev the Sneak (level 4, -9/30 HPs)
             Began as a Vampire Enchanter on July 15, 2017.
             Killed from afar by an orc wizard (10 damage)
             ... with a puff of flame
             ... on level 3 of the Dungeon.
             The game lasted 00:08:47 (2895 turns).

dohliylev the Sneak (Vampire Enchanter)             Turns: 2895, Time: 00:08:48

Health: -9/30      AC:  3    Str:  7    XL:     4   Next: 61%
Magic:  2/7        EV: 12    Int: 18    God:
Gold:   133        SH:  0    Dex: 14    Spells: 4/7 levels left

rFire    x . .     SeeInvis +   n - +2 dagger (venom)
rCold    + + +     Gourm    .   (no shield)
rNeg     + + +     Faith    .   b - +0 robe
rPois    ∞         Spirit   .   (no helmet)
rElec    .         Reflect  .   (no cloak)
rCorr    .         Harm     .   g - +0 pair of gloves (curse)
MR       .....                  (no boots)
Stlth    +++++.....             (no amulet)
Regen    0.0/turn               k - ring of ice
MPRegen  0.1/turn               (no ring)

@: bloodless, non-regenerating
A: fangs 3, see invisible, unbreathing
a: Bat Form


You were on level 3 of the Dungeon.
You were bloodless.

You visited 1 branch of the dungeon, and saw 3 of its levels.

You collected 133 gold pieces.

Inventory:

Hand Weapons
 n - a +2 dagger of venom (weapon)
 x - a +0 scimitar of flaming
Armour
 b - a +0 robe (worn)
 g - a cursed +0 pair of gloves (worn)
Magical Staves
 w - an uncursed staff of power {unknown}
Jewellery
 k - a ring of ice (left hand)
 o - a +1 ring of protection {unknown}
 v - an uncursed amulet of harm {unknown}
Wands
 r - a wand of polymorph (12/24)
 t - a wand of random effects (19/48)
 u - a wand of acid (11/15)
 A - a wand of digging (7/24)
Scrolls
 a - a scroll of remove curse {unknown}
 e - a scroll of enchant armour {unknown}
 i - 8 scrolls of identify {unknown}
 j - a scroll of fear {unknown}
 m - 2 scrolls of random uselessness {unknown}
 p - a scroll of recharging {unknown}
 y - a scroll of fog {unknown}
 z - a scroll of enchant weapon {unknown}
Potions
 d - 19 potions of blood
 f - 2 potions of brilliance {unknown}
 h - a potion of heal wounds {unknown}
 l - a potion of agility {unknown}
 q - 2 potions of curing {unknown}
 s - 2 potions of cancellation {unknown}
Books
 c - a book of Maledictions

   Spells                             Type                      Level
   a - Corona                         Hexes                        1
   b - Ensorcelled Hibernation        Hexes/Ice                    2
   c - Confuse                        Hexes                        3
   d - Tukima's Dance                 Hexes                        3
   e - Dazzling Spray                 Conjuration/Hexes            3


   Skills:
 + Level 0.1 Fighting
 + Level 2.5 Short Blades
 - Level 2.1 Dodging
 + Level 7.0 Stealth
 - Level 2.0 Spellcasting
 - Level 4.4 Hexes
 + Level 1.2 Ice Magic


You had 4 spell levels left.
You knew the following spells:

 Your Spells              Type           Power        Failure   Level  Hunger
a - Corona                Hex            ###....      3%          1    #......
b - Ensorcelled Hibernat  Hex/Ice        ###...       9%          2    ###....


Dungeon Overview and Level Annotations

Branches:
Dungeon (3/15)

Altars:
Fedhas
Hepliaklqana
Yredelemnul


Innate Abilities, Weirdness & Mutations

You do not heal naturally.
You are immune to poison.
You have razor-sharp teeth.
You have supernaturally acute eyesight. (SInv)
You can survive without breathing.


Message History

The orc wizard hits you but does no damage.
You barely miss the orc wizard.
The orc shouts!
You hit the orc wizard.
You bite the orc wizard, but do no damage.
The orc wizard is lightly wounded.
The orc wizard barely misses you.
You closely miss the orc wizard.
The orc priest mumbles some strange prayers to Beogh against you.
Beogh smites you!
Ouch! That really hurt!
* * * LOW HITPOINT WARNING * * *
The orc wizard hits you with a dagger.
* * * LOW HITPOINT WARNING * * *
The orc wizard shouts!
You don't have enough magic at the moment.
You fail to use your ability.
The orc wizard gestures at you while chanting.
The puff of flame hits you! The fire burns you terribly!
You die...

.o. #.#......#
#'# #...######
#o# ##.## #.# #.#
##r## #.#
#####.o.## #.#
.........# #.#
........o#####.#
#.###.#.#.@.....#
# #.###..######
#......# #####.##
..# ####


You could see an orc priest, an orc wizard (invisible) and a rat.

Vanquished Creatures
  Terence (D:3)
  3 adders
  A worm (D:3)
  A leopard gecko (D:1)
  An orc (D:3)
  A giant cockroach (D:3)
  9 goblins
  9 hobgoblins
  3 jackals (D:1)
  7 kobolds
  A quokka (D:3)
  4 bats
  A frilled lizard (D:1)
  12 rats
54 creatures vanquished.

Notes
Turn   | Place    | Note
-------+----------+-------------------------------------------
     0 | D:1      | dohliylev the Vampire Enchanter began the quest for the Orb.
     0 | D:1      | Reached XP level 1. HP: 13/13 MP: 3/3
    70 | D:1      | Reached skill level 5 in Stealth
   374 | D:1      | Reached XP level 2. HP: 19/19 MP: 5/5
   516 | D:1      | Learned a level 2 spell: Ensorcelled Hibernation
  1386 | D:1      | Reached XP level 3. HP: 23/24 MP: 1/6
  1406 | D:2      | Reached skill level 6 in Stealth
  2343 | D:3      | Noticed Terence
  2353 | D:3      | Found a hazy altar of Hepliaklqana.
  2355 | D:3      | Found a blossoming altar of Fedhas.
  2357 | D:3      | Killed Terence
  2357 | D:3      | Reached XP level 4. HP: 30/30 MP: 7/7
  2363 | D:3      | Reached skill level 1 in Ice Magic
  2446 | D:3      | Found a basalt altar of Yredelemnul.
  2745 | D:3      | Reached skill level 7 in Stealth
  2890 | D:3      | HP: 1/30 [orc wizard/dagger (4)]
  2895 | D:3      | Killed from afar by an orc wizard

Skill      XL: |  1  2  3  4 |
---------------+-------------+-----
Stealth        | 5 6 7 |  7.0
Short Blades   | 2 |  2.5
Ice Magic      | 1 |  1.2
Fighting       | |  0.1
Dodging        | |  2.1
Spellcasting   | |  2.0
Hexes          | |  4.4

Action                   |  1- 3 |  4- 6 || total
-------------------------+-------+-------++-------
Melee: Dagger            |   107 |    25 ||   132
       Bite              |     7 |     3 ||    10
 Cast: Corona            |     6 |       ||     6
       Ensorcelled Hiber |    12 |    12 ||    24
  Use: Potion            |     1 |       ||     1
 Stab: Sleeping          |    20 |     7 ||    27
  Eat: Corpse            |     2 |       ||     2
Armor: Robe              |     7 |     4 ||    11
Dodge: Dodged            |    51 |    14 ||    65
